ORI
COASTAL CAROLINA UNIVERSITY CHANTICLEERS @ UNIVERSITY OF ALABAMA CRIMSON TIDE
08/21/2045
 
TOP OF THE 1ST
Coastal Carolina University Chanticleers batting - Pitching for University of Alabama Crimson Tide : RHP Man-keung Li
Pitching: RHP Man-keung Li
Batting: LHB David Ramirez 0-0: Ball
1-0: Fly out, F9 (Flyball, 9, EV 87.5 MPH)
Batting: LHB Edwin Cabral 0-0: Swinging Strike
0-1: Ball
1-1: SINGLE (Line Drive, 8LS, EV 89.4 MPH)
Batting: RHB Hidemitsu Matsuno 0-0: Ball
1-0: Swinging Strike
1-1: Fly out, F8 (Flyball, 8RXD, EV 91.9 MPH)
Batting: RHB Ji-an See-to 0-0: Ball
1-0: 2-RUN HOME RUN (Flyball, 9D, EV 96.9 MPH), Distance : 358 ft
Batting: RHB Cruz Castro 0-0: Ball
1-0: Called Strike
1-1: Foul Ball, location: 2F
1-2: Ball
2-2: Ball
3-2: Base on Balls
Batting: RHB Mennad Maalik 0-0: Ball
Wild Pitch!
Cruz Castro to second
1-0: Ground out 4-3 (Groundball, 34, EV 91.9 MPH)
Top of the 1st over - 2 runs, 2 hits, 0 errors, 1 left on base; Coastal Carolina University 2 - University of Alabama 0
BOTTOM OF THE 1ST
University of Alabama Crimson Tide batting - Pitching for Coastal Carolina University Chanticleers : LHP Alex Viera
Pitching: LHP Alex Viera
Batting: RHB Bill Begin 0-0: Called Strike
0-1: SINGLE (Line Drive, 78S, EV 95.6 MPH)
Batting: RHB Jose Cuellar 0-0: Called Strike
0-1: Ball
1-1: Foul Ball, location: 2F
1-2: Fly out, F7 (Flyball, 7LS, EV 88.8 MPH)
Batting: RHB Hugo Chavez 0-0: Ball
1-0: Ball
2-0: Called Strike
2-1: Foul Ball, location: 2F
2-2: Strikes out swinging
Batting: LHB Ben Roth 0-0: Ball
1-0: Fly out, F8 (Line Drive, 8RM, EV 88.1 MPH)
Bottom of the 1st over - 0 runs, 1 hit, 0 errors, 1 left on base; Coastal Carolina University 2 - University of Alabama 0
TOP OF THE 2ND
Coastal Carolina University Chanticleers batting - Pitching for University of Alabama Crimson Tide : RHP Man-keung Li
Batting: RHB Chris Marcellus 0-0: Ball
1-0: Called Strike
1-1: SINGLE (Groundball, 4MD, EV 106.2 MPH)
Batting: RHB Vance McDonald 0-0: Foul Ball, location: 2F
0-1: Foul Ball, location: 2F
0-2: Foul Ball, location: 2F
0-2: Ball
1-2: Grounds into double play, 6-4-3 (Groundball, 6, EV 87.5 MPH)
Batting: RHB Cody Kafer 0-0: Ball
1-0: Ground out U3 (Groundball, 3, EV 82.5 MPH)
Top of the 2nd over - 0 runs, 1 hit, 0 errors, 0 left on base; Coastal Carolina University 2 - University of Alabama 0
BOTTOM OF THE 2ND
University of Alabama Crimson Tide batting - Pitching for Coastal Carolina University Chanticleers : LHP Alex Viera
Batting: RHB Jorge Lebron 0-0: Called Strike
0-1: Called Strike
0-2: Ball
1-2: Ball
2-2: Strikes out looking
Batting: RHB Juan Alvarez 0-0: Foul Ball, location: 2F
0-1: Ground out 1-3 (Groundball, 13S, EV 64.4 MPH)
Batting: RHB Jose Benavidez 0-0: Called Strike
0-1: Ball
1-1: Ground out 5-3 (Groundball, 5L, EV 101.2 MPH)
Bottom of the 2nd over - 0 runs, 0 hits, 0 errors, 0 left on base; Coastal Carolina University 2 - University of Alabama 0
TOP OF THE 3RD
Coastal Carolina University Chanticleers batting - Pitching for University of Alabama Crimson Tide : RHP Man-keung Li
Batting: LHB David Ramirez 0-0: SINGLE (Line Drive, 8RM, EV 106.9 MPH)
Batting: LHB Edwin Cabral 0-0: Swinging Strike
0-1: Ball
1-1: Ball
2-1: Ball
3-1: Foul Ball, location: 2F
3-2: Foul Ball, location: 2F
3-2: Base on Balls
David Ramirez to second
Batting: RHB Hidemitsu Matsuno 0-0: Ball
1-0: Fly out, F8 (Line Drive, 8LM, EV 97.5 MPH)
Batting: RHB Ji-an See-to 0-0: Foul Ball, location: 2F
0-1: Swinging Strike
0-2: Strikes out swinging
Batting: RHB Cruz Castro 0-0: Called Strike
0-1: DOUBLE (Groundball, 3L, EV 107.5 MPH)
David Ramirez scores
Edwin Cabral to third
Runner from 3rd tries for Home, SAFE, throw by RF to trailing runner, SAFE at third!
Batting: RHB Mennad Maalik 0-0: Ball
1-0: Fly out, F9 (Flyball, 9S, EV 94.4 MPH)
Top of the 3rd over - 2 runs, 2 hits, 0 errors, 1 left on base; Coastal Carolina University 4 - University of Alabama 0
BOTTOM OF THE 3RD
University of Alabama Crimson Tide batting - Pitching for Coastal Carolina University Chanticleers : LHP Alex Viera
Batting: LHB Isaiah Spitzbarth 0-0: Foul Ball, location: 2F
0-1: Foul Ball, location: 2F
0-2: Ball
1-2: Ball
2-2: Ball
3-2: Fly out, F9 (Flyball, 9, EV 86.9 MPH)
Batting: RHB Wen Huang 0-0: Called Strike
0-1: Called Strike
0-2: Strikes out swinging
Batting: RHB Bill Begin 0-0: Ball
1-0: Fly out, F8 (Flyball, 8RM, EV 76.9 MPH)
Bottom of the 3rd over - 0 runs, 0 hits, 0 errors, 0 left on base; Coastal Carolina University 4 - University of Alabama 0
TOP OF THE 4TH
Coastal Carolina University Chanticleers batting - Pitching for University of Alabama Crimson Tide : RHP Man-keung Li
Batting: RHB Chris Marcellus 0-0: Called Strike
0-1: Ball
1-1: Ground out 6-3 (Groundball, 6M, EV 80.0 MPH)
Batting: RHB Vance McDonald 0-0: Ball
1-0: Called Strike
1-1: Ball
2-1: SINGLE (Groundball, 3D, EV 98.8 MPH)
Batting: RHB Cody Kafer 0-0: Ball
1-0: Swinging Strike
1-1: SINGLE (Line Drive, 7S, EV 96.2 MPH)
Vance McDonald to second
Batting: LHB David Ramirez 0-0: Ball
1-0: DOUBLE (Line Drive, 7LS, EV 89.4 MPH)
Vance McDonald scores
Cody Kafer to third
Runner from 3rd tries for Home, SAFE, no throw by LF
Pitching: RHP Gabriel Bass
Batting: LHB Edwin Cabral 0-0: Called Strike
0-1: DOUBLE (Line Drive, 7LS, EV 107.5 MPH)
David Ramirez scores
Batting: RHB Hidemitsu Matsuno 0-0: Ball
1-0: Ball
2-0: Called Strike
2-1: SINGLE (Groundball, 56D, EV 96.2 MPH)
Edwin Cabral to third
Runner from 3rd tries for Home, SAFE, throw by LF to home
Batting: RHB Ji-an See-to 0-0: SINGLE (Groundball, 56D, EV 104.4 MPH)
Hidemitsu Matsuno to second
Batting: RHB Cruz Castro 0-0: Ball
1-0: Grounds into double play, 4-6-3 (Groundball, 4, EV 106.9 MPH)
Top of the 4th over - 4 runs, 6 hits, 0 errors, 1 left on base; Coastal Carolina University 8 - University of Alabama 0
BOTTOM OF THE 4TH
University of Alabama Crimson Tide batting - Pitching for Coastal Carolina University Chanticleers : LHP Alex Viera
Batting: RHB Jose Cuellar 0-0: Foul Ball, location: 2F
0-1: Foul Ball, location: 2F
0-2: Ground out 5-3 (Groundball, 56, EV 89.4 MPH)
Batting: RHB Hugo Chavez 0-0: Ball
1-0: SINGLE (Groundball, 6M, EV 109.4 MPH)
Batting: LHB Ben Roth 0-0: Ball
1-0: Called Strike
1-1: SINGLE (Line Drive, 7LS, EV 95.6 MPH)
Hugo Chavez to second
Batting: RHB Jorge Lebron 0-0: Ball
1-0: 3-RUN HOME RUN (Flyball, 89XD, EV 95.6 MPH), Distance : 390 ft
Batting: RHB Juan Alvarez 0-0: SINGLE (Groundball, 56S, EV 65.6 MPH) (infield hit)
Batting: RHB Jose Benavidez 0-0: Ball
1-0: Ball
2-0: Ball
3-0: Called Strike
3-1: Base on Balls
Juan Alvarez to second
Batting: LHB Isaiah Spitzbarth 0-0: Called Strike
0-1: Ball
1-1: Ball
2-1: Foul Ball, location: 2F
2-2: Foul Ball, location: 2F
2-2: Fielders Choice at 2nd, 4-6 (Groundball, 4S, EV 81.2 MPH)
Juan Alvarez to third
Pitching: RHP Jim Eisinger
Batting: RHB Wen Huang 0-0: Called Strike
Isaiah Spitzbarth steals 2nd base
0-1: Ball
1-1: Ball
2-1: Fly out, F8 (Flyball, 8RD, EV 92.5 MPH)
Bottom of the 4th over - 3 runs, 4 hits, 0 errors, 2 left on base; Coastal Carolina University 8 - University of Alabama 3
TOP OF THE 5TH
Coastal Carolina University Chanticleers batting - Pitching for University of Alabama Crimson Tide : RHP Gabriel Bass
Batting: RHB Mennad Maalik 0-0: Called Strike
0-1: Swinging Strike
0-2: Strikes out swinging
Batting: RHB Chris Marcellus 0-0: Called Strike
0-1: Ball
1-1: Ground out 5-3 (Groundball, 5, EV 83.1 MPH)
Batting: RHB Vance McDonald 0-0: Ball
1-0: Ball
2-0: Called Strike
2-1: Swinging Strike
2-2: Ball
3-2: Strikes out looking
Top of the 5th over - 0 runs, 0 hits, 0 errors, 0 left on base; Coastal Carolina University 8 - University of Alabama 3
BOTTOM OF THE 5TH
University of Alabama Crimson Tide batting - Pitching for Coastal Carolina University Chanticleers : RHP Jim Eisinger
Batting: RHB Bill Begin 0-0: Called Strike
0-1: Ball
1-1: Foul Ball, location: 2F
1-2: Fly out, F8 (Line Drive, 8LD, EV 102.5 MPH)
Batting: RHB Jose Cuellar 0-0: Called Strike
0-1: Fly out, F8 (Line Drive, 8RM, EV 96.9 MPH)
Batting: RHB Hugo Chavez 0-0: Fly out, F8 (Flyball, 8RD, EV 84.4 MPH)
Bottom of the 5th over - 0 runs, 0 hits, 0 errors, 0 left on base; Coastal Carolina University 8 - University of Alabama 3
TOP OF THE 6TH
Coastal Carolina University Chanticleers batting - Pitching for University of Alabama Crimson Tide : RHP Gabriel Bass
Batting: RHB Cody Kafer 0-0: Foul Ball, location: 2F
0-1: Ball
1-1: Ball
2-1: Ball
3-1: Base on Balls
Batting: LHB David Ramirez 0-0: Ball
1-0: Ball
2-0: Called Strike
2-1: Fly out, F5 (Popup, 5SF, EV 73.1 MPH)
Batting: LHB Edwin Cabral 0-0: Ball
1-0: Foul Ball, location: 2F
1-1: Grounds into double play, 6-4-3 (Groundball, 6S, EV 83.8 MPH)
Top of the 6th over - 0 runs, 0 hits, 0 errors, 0 left on base; Coastal Carolina University 8 - University of Alabama 3
BOTTOM OF THE 6TH
University of Alabama Crimson Tide batting - Pitching for Coastal Carolina University Chanticleers : RHP Jim Eisinger
Batting: LHB Ben Roth 0-0: Ball
1-0: Swinging Strike
1-1: SINGLE (Groundball, 34S, EV 75.0 MPH) (infield hit)
Batting: RHB Jorge Lebron 0-0: Called Strike
0-1: Ball
1-1: 2-RUN HOME RUN (Flyball, 7LD, EV 95.0 MPH), Distance : 343 ft
Batting: RHB Juan Alvarez 0-0: Ball
1-0: Ball
2-0: Ball
3-0: Base on Balls
Batting: RHB Jose Benavidez 0-0: Ball
1-0: Ball
2-0: Ball
3-0: Called Strike
3-1: Base on Balls
Juan Alvarez to second
Batting: LHB Isaiah Spitzbarth 0-0: Ball
1-0: Ball
2-0: Called Strike
2-1: Ball
3-1: Base on Balls
Juan Alvarez to third
Jose Benavidez to second
Pinch Hitting: RHB Juan Araiza 0-0: Called Strike
0-1: Foul Ball, location: 2F
0-2: Foul Ball, location: 2F
0-2: Fly out, F5 (Flyball, 5D, EV 80.0 MPH)
Batting: RHB Bill Begin 0-0: Ball
1-0: SINGLE (Groundball, 56S, EV 77.5 MPH) (infield hit)
Juan Alvarez scores
Jose Benavidez to third
Isaiah Spitzbarth to second
Pinch Hitting: LHB Yu-shu Ni 0-0: Called Strike
0-1: Foul Ball, location: 2F
0-2: Fly out, F9 (Flyball, 89D, EV 100.0 MPH)
Throwing error, E9
Jose Benavidez scores
Isaiah Spitzbarth to third
Bill Begin to second
Pitching: LHP Chandler Doan
Batting: RHB Hugo Chavez 0-0: Swinging Strike
0-1: SINGLE (Groundball, 34D, EV 94.4 MPH)
Isaiah Spitzbarth scores
Bill Begin to third
Batting: LHB Ben Roth 0-0: Called Strike
0-1: Fly out, F8 (Flyball, 8RD, EV 83.1 MPH)
Bottom of the 6th over - 5 runs, 4 hits, 1 error, 2 left on base; Coastal Carolina University 8 - University of Alabama 8
TOP OF THE 7TH
Coastal Carolina University Chanticleers batting - Pitching for University of Alabama Crimson Tide : RHP Gabriel Bass
Pitching: RHP Alejandro Gomez
Now at 1B: Juan Araiza
Now at 3B: Jesse Haddle
Batting: RHB Hidemitsu Matsuno 0-0: Ball
1-0: Fly out, F8 (Flyball, 78XD, EV 103.1 MPH)
Batting: RHB Ji-an See-to 0-0: Ball
1-0: SINGLE (Line Drive, 89M, EV 92.5 MPH)
Batting: RHB Cruz Castro 0-0: Called Strike
0-1: Ball
1-1: Ball
2-1: SINGLE (Groundball, P, EV 76.2 MPH) (infield hit)
Ji-an See-to to second
Batting: RHB Mennad Maalik 0-0: Grounds into double play, 6-4-3 (Groundball, 6, EV 106.2 MPH)
Top of the 7th over - 0 runs, 2 hits, 0 errors, 1 left on base; Coastal Carolina University 8 - University of Alabama 8
BOTTOM OF THE 7TH
University of Alabama Crimson Tide batting - Pitching for Coastal Carolina University Chanticleers : LHP Chandler Doan
Batting: RHB Jorge Lebron 0-0: Ball
1-0: Foul Ball, location: 2F
1-1: Ball
2-1: Called Strike
2-2: Ground out 3-1 (Groundball, 34, EV 105.6 MPH)
Batting: RHB Juan Alvarez 0-0: Ball
1-0: Ball
2-0: Foul Ball, location: 2F
2-1: Foul Ball, location: 2F
2-2: Ball
3-2: Foul Ball, location: 2F
3-2: Foul Ball, location: 2F
3-2: Foul Ball, location: 2F
3-2: Base on Balls
Batting: RHB Jose Benavidez 0-0: Called Strike
0-1: Fielders Choice at 2nd, 3-6 (Groundball, 34, EV 85.0 MPH)
Batting: LHB Isaiah Spitzbarth 0-0: Called Strike
0-1: Ground out 4-3 (Groundball, 4, EV 111.9 MPH)
Bottom of the 7th over - 0 runs, 0 hits, 0 errors, 1 left on base; Coastal Carolina University 8 - University of Alabama 8
TOP OF THE 8TH
Coastal Carolina University Chanticleers batting - Pitching for University of Alabama Crimson Tide : RHP Alejandro Gomez
Batting: RHB Chris Marcellus 0-0: Called Strike
0-1: Ground out 1-3 (Groundball, 34S, EV 69.4 MPH)
Batting: RHB Vance McDonald 0-0: Swinging Strike
0-1: Ball
1-1: Foul Ball, location: 2F
1-2: Strikes out swinging
Batting: RHB Cody Kafer 0-0: Ball
1-0: Foul Ball, location: 2F
1-1: Swinging Strike
1-2: Foul Ball, location: 2F
1-2: Foul Ball, location: 2F
1-2: Strikes out swinging
Top of the 8th over - 0 runs, 0 hits, 0 errors, 0 left on base; Coastal Carolina University 8 - University of Alabama 8
BOTTOM OF THE 8TH
University of Alabama Crimson Tide batting - Pitching for Coastal Carolina University Chanticleers : LHP Chandler Doan
Pitching: RHP Jim Unknown
Pinch Hitting: LHB Ricardo Torres 0-0: Ball
1-0: Swinging Strike
1-1: Ball
2-1: Swinging Strike
2-2: Ball
3-2: Fly out, F9 (Flyball, 9LM, EV 90.0 MPH)
Batting: RHB Bill Begin 0-0: Called Strike
0-1: SINGLE (Groundball, 4M, EV 103.1 MPH) (infield hit)
Batting: RHB Jesse Haddle 0-0: Called Strike
0-1: Grounds into double play, 4-6-3 (Groundball, 4, EV 89.4 MPH)
Bottom of the 8th over - 0 runs, 1 hit, 0 errors, 0 left on base; Coastal Carolina University 8 - University of Alabama 8
TOP OF THE 9TH
Coastal Carolina University Chanticleers batting - Pitching for University of Alabama Crimson Tide : RHP Alejandro Gomez
Now at 1B: Ricardo Torres
Batting: LHB David Ramirez 0-0: Foul Ball, location: 2F
0-1: Ball
1-1: Fly out, F5 (Flyball, 5D, EV 81.9 MPH)
Batting: LHB Edwin Cabral 0-0: Swinging Strike
0-1: SINGLE (Groundball, 6D, EV 109.4 MPH)
Batting: RHB Hidemitsu Matsuno 0-0: Ball
1-0: Called Strike
1-1: Called Strike
1-2: Ball
2-2: DOUBLE (Line Drive, 7LM, EV 106.2 MPH)
Edwin Cabral to third
Runner from 3rd tries for Home, SAFE, throw by LF to home
Batting: RHB Ji-an See-to 0-0: Ball
1-0: Ball
2-0: Ground out 1-3 (Groundball, 15, EV 75.6 MPH)
Batting: RHB Cruz Castro 0-0: Called Strike
0-1: Foul Ball, location: 2F
0-2: Ball
1-2: Strikes out swinging
Top of the 9th over - 1 run, 2 hits, 0 errors, 1 left on base; Coastal Carolina University 9 - University of Alabama 8
BOTTOM OF THE 9TH
University of Alabama Crimson Tide batting - Pitching for Coastal Carolina University Chanticleers : RHP Jim Unknown
Batting: RHB Hugo Chavez 0-0: Ball
1-0: Called Strike
1-1: Ball
2-1: Ball
3-1: Base on Balls
Batting: LHB Ben Roth 0-0: Ball
1-0: Fly out, F8 (Flyball, 8RM, EV 92.5 MPH)
Batting: RHB Jorge Lebron 0-0: Ball
1-0: Foul Ball, location: 2F
1-1: SINGLE (Line Drive, 7, EV 83.8 MPH)
Hugo Chavez to second
Batting: RHB Juan Alvarez 0-0: Ball
1-0: Ball
2-0: Ball
Wild Pitch!
Hugo Chavez to third
Jorge Lebron to second
3-0: Intentional Walk
Batting: RHB Jose Benavidez 0-0: SINGLE (Groundball, 6MD, EV 100.6 MPH)
Hugo Chavez scores
Jorge Lebron to third
Juan Alvarez to second
Runner from 3rd tries for Home, SAFE, throw by CF to home
Bottom of the 9th over - 2 runs, 2 hits, 0 errors, 0 left on base; Coastal Carolina University 9 - University of Alabama 10
Game Over ... University of Alabama defeats Coastal Carolina University, 10 to 9
Wednesday, June 22nd , 2022 - OOTP Baseball 23.4 Build 64